 Dungeon Crawl Stone Soup version 0.19.4-9-g45fd643 (webtiles) character file.

200 nikopol the Chopper (level 5, -1/33 HPs)
             Began as a Gargoyle Berserker on Feb 18, 2017.
             Was a Believer of Trog.
             Slain by an orc priest
             ... wielding a +0 hand axe
              (6 damage)
             ... on level 2 of the Dungeon.
             The game lasted 00:05:17 (1712 turns).

nikopol the Chopper (Gargoyle Berserker)            Turns: 1712, Time: 00:05:18

Health: -1/33      AC:  9    Str: 20    XL:     5   Next: 78%
Magic:  5/5        EV: 11    Int:  8    God:    Trog [**....]
Gold:   119        SH:  0    Dex: 10    Spells: 0 memorised, 4 levels left

rFire  . . .     SeeInvis .     a - +0 hand axe
rCold  . . .     Gourm    .     d - +0 ring mail
rNeg   + . .     Faith    .     (no shield)
rPois  ∞         Spirit   .     (no helmet)
rElec  +         Reflect  .     (no cloak)
rCorr  .         Harm     .     (no gloves)
MR     ++...                    (no boots)
Stlth  ..........               (no amulet)
                                (no ring)
                                p - ring of flight

@: exhausted, regenerating, slowed, very slow
A: negative energy resistance 1, electricity resistance, unbreathing,
petrification resistance, rot immunity, AC +4
a: Berserk, Trog's Hand, Burn Spellbooks, Renounce Religion, Evoke Flight


You were on level 2 of the Dungeon.
You worshipped Trog.
Trog was pleased with you.
You were hungry.

You visited 1 branch of the dungeon, and saw 3 of its levels.

You collected 119 gold pieces.

Inventory:

Hand Weapons
 a - a +0 hand axe (weapon)
Missiles
 n - 58 arrows (quivered)
Armour
 b - a +0 animal skin
 d - a +0 ring mail (worn)
Jewellery
 p - a ring of flight (left hand)
Scrolls
 e - 2 scrolls of identify {unknown}
 i - a scroll of teleportation {unknown}
 k - a scroll of fog {unknown}
 m - a scroll of noise {unknown}
 r - a scroll of blinking {unknown}
 s - a scroll of enchant weapon {unknown}
Potions
 g - a potion of curing {unknown}
 l - a potion of cancellation {unknown}
 o - a potion of heal wounds {unknown}
Comestibles
 c - 2 bread rations
 f - 4 chunks of flesh
 h - a meat ration
 j - a beef jerky
 q - a royal jelly


   Skills:
 + Level 4.0 Fighting
 * Level 4.2 Axes
 + Level 3.2 Armour
 + Level 2.6 Dodging


You had 4 spell levels left.
You didn't know any spells.

Dungeon Overview and Level Annotations

Branches:
Dungeon (3/15)

Altars:
Zin


Innate Abilities, Weirdness & Mutations

You are resistant to torment.
Your stone body is resilient. (AC +4)
You are immune to poison.
You resist negative energy. (rN+)
You are resistant to electric shocks. (rElec)
You can survive without breathing.
You are immune to petrification.
You are immune to rotting.


Message History

You closely miss the orc priest.
The orc priest hits you but does no damage.
The orc priest hits you with a whip.
* * * LOW HITPOINT WARNING * * *
The orc priest hits you but does no damage.
You hit the orc priest.
You kill the orc priest!
Trog accepts your kill.
You barely miss the orc priest. The orc priest barely misses you.
Your skin crawls.
You feel resistant to hostile enchantments.
You feel somewhat more hungry.
The orc priest hits you but does no damage. x2
You barely miss the orc priest.
The orc priest hits you with a hand axe.
* * * LOW HITPOINT WARNING * * *
You hit the orc priest.
The orc priest is heavily wounded.
The orc priest hits you with a hand axe.
You die...

######.... #.......^. #.###'###.
#.# #.# #. ########### #.###.###.
#.........# #.###_..+. #######
#.........# #.###.###. ......##
#......o..####.# #.# #.
.......####..(..@).......###'###.
........#....÷....).####.........
..........#.........#####.#####..
........###...........###.# #..
......†.# #.........#.....# #..
........###.........###)### ###
....................###..## #.
......####..#######..###..#### #.
###########.# ##.# ##....# #.


You could see an orc priest.

Vanquished Creatures
  An orc priest (D:2)
  2 orc wizards (D:3)
  Terence (D:3)
  2 adders (D:2)
  5 dart slugs
  3 leopard geckos
  4 orcs
  8 bats
  2 giant cockroaches
  4 hobgoblins
  6 kobolds
  4 frilled lizards
  7 goblins
  12 rats
61 creatures vanquished.

Notes
Turn   | Place    | Note
-------+----------+-------------------------------------------
     0 | D:1      | nikopol the Gargoyle Berserker began the quest for the Orb.
     0 | D:1      | Reached XP level 1. HP: 14/14 MP: 1/1
   250 | D:1      | Reached XP level 2. HP: 19/19 MP: 2/2
   482 | D:1      | Reached XP level 3. HP: 19/23 MP: 3/3
   622 | D:1      | Reached ** piety under Trog
   976 | D:2      | Found a glowing silver altar of Zin.
  1056 | D:2      | Reached XP level 4. HP: 23/28 MP: 4/4
  1692 | D:3      | Noticed Terence
  1700 | D:3      | Killed Terence
  1700 | D:3      | Reached XP level 5. HP: 33/33 MP: 5/5
  1708 | D:2      | HP: 1/33 [orc priest/whip (1)]
  1712 | D:2      | Slain by an orc priest

Skill      XL: |  1  2  3  4  5 |
---------------+----------------+-----
Axes           | 3 4 |  4.2
Dodging        | 2 |  2.6
Fighting       | 4 |  4.0
Armour         | 3 |  3.2

Action                   |  1- 3 |  4- 6 || total
-------------------------+-------+-------++-------
Melee: Hand axe          |   127 |    62 ||   189
Invok: Berserk           |       |     1 ||     1
       Trog's Hand       |       |     1 ||     1
  Eat: Chunk             |     1 |     2 ||     3
Armor: Animal skin       |    17 |       ||    17
       Ring mail         |    52 |    50 ||   102
Dodge: Dodged            |    98 |    54 ||   152
